 Dungeon Crawl Stone Soup version 0.24.1 (webtiles) character file.

Game seed: 4024859223454393860, levelgen mode: deterministic

14100 H0rd4k the Eclecticist (level 11, -5/56 HPs)
             Began as a Deep Elf Wizard on Mar 25, 2020.
             Was a Follower of Sif Muna.
             Slain by a snapping turtle (26 damage)
             ... on level 2 of the Lair of Beasts.
             The game lasted 00:50:59 (16912 turns).

H0rd4k the Eclecticist (Deep Elf Wizard)           Turns: 16912, Time: 00:51:00

Health: -5/56      AC:  3    Str:  4    XL:     11   Next: 84%
Magic:  27/32      EV: 14    Int: 27    God:    Sif Muna [*.....]
Gold:   644        SH:  0    Dex: 19    Spells: 32/41 levels left

rFire    . . .     SeeInvis .   F - +4 falchion "Ysumuunk" {venom, *Corrode rN+ Dex+6}
rCold    . . .     Gourm    .   (no shield)
rNeg     + . .     Faith    .   a - +0 robe
rPois    .         Spirit   .   i - +1 hat
rElec    .         Reflect  .   (no cloak)
rCorr    .         Harm     .   (no gloves)
MR       +....                  (no boots)
Stlth    +++.......             K - amulet of magic regeneration
HPRegen  0.18/turn              x - ring of ice
MPRegen  0.48/turn              L - ring of fire

@: no status effects
A: no striking features
a: Channel Magic, Renounce Religion


You were on level 2 of the Lair of Beasts.
You worshipped Sif Muna.
Sif Muna was aware of your devotion.
You were very hungry.

You visited 3 branches of the dungeon, and saw 14 of its levels.
You also visited: Sewer.

You collected 644 gold pieces.

Inventory:

Hand Weapons
 o - a +1 dagger of venom
 E - a +0 dagger of pain
 F - the +4 falchion "Ysumuunk" (weapon) {venom, *Corrode rN+ Dex+6}
   (You took it off a centaur on level 6 of the Dungeon)

   It poisons the flesh of those it strikes.
   It affects your dexterity (+6).
   It protects you from negative energy.
   It may corrode you when you take damage.
Missiles
 v - 36 poisoned darts (quivered)
Armour
 a - a +0 robe (worn)
 i - a +1 hat (worn)
 N - the +5 ring mail "Forget-Me-Not" {Regen+}
   (You found it on level 2 of the Lair of Beasts)

   It increases your rate of regeneration.
Jewellery
 m - an uncursed amulet of the acrobat
 x - a ring of ice (left hand)
 K - an amulet of magic regeneration (around neck)
 L - a ring of fire (right hand)
Wands
 t - a wand of polymorph (23)
 w - a wand of random effects (21)
 y - a wand of flame (18)
 H - a wand of acid (8)
 J - a wand of iceblast (16)
Scrolls
 c - a scroll of fear
 j - 6 scrolls of teleportation
 k - 3 scrolls of amnesia {unknown}
 q - 3 scrolls of magic mapping {unknown}
 r - 5 scrolls of immolation {unknown}
 u - 8 scrolls of remove curse
 z - 12 scrolls of identify {unknown}
 C - 2 scrolls of enchant armour {unknown}
 D - a scroll of enchant weapon {unknown}
 I - 2 scrolls of brand weapon {unknown}
Potions
 e - 9 potions of curing
 f - 6 potions of heal wounds
 g - 3 potions of cancellation
 h - 7 potions of agility
 l - 2 potions of flight
 n - a potion of degeneration
 p - 2 potions of haste
 s - 6 potions of might
 A - 2 potions of magic
 B - a potion of brilliance {unknown}
 G - a potion of resistance {unknown}
Comestibles
 d - 30 rations


   Skills:
 + Level 1.6 Fighting
 + Level 0.7 Long Blades
 + Level 3.8 Dodging
 + Level 5.3 Stealth
 + Level 15.9 Spellcasting
 + Level 11.9 Conjurations
   Level 1.1 Summonings
 + Level 3.8 Translocations
 + Level 4.6 Fire Magic
 + Level 2.9 Air Magic
 + Level 4.3 Poison Magic
 + Level 2.0 Evocations


You had 32 spell levels left.
You knew the following spells:

 Your Spells              Type           Power        Failure   Level  Hunger
a - Magic Dart            Conj           ####         1%          1    None
b - Blink                 Tloc           N/A          1%          2    None
c - Conjure Flame         Conj/Fire      #######.     1%          3    None
d - Mephitic Cloud        Conj/Pois/Air  ######..     1%          3    None

Your spell library contained the following spells:

 Spells                   Type           Power        Failure   Level  Hunger
 Call Imp                 Summ           ####....     2%          2    None
 Slow                     Hex            ###.....     3%          2    None


Dungeon Overview and Level Annotations

Branches:
Dungeon (11/15)            Temple (1/1) D:5            Lair (2/6) D:8
 Shoals (0/4) Lair:2       Spider (0/4) Lair:2        Sewer (visited)
    Orc: D:9-12

Altars:
Ashenzari
Cheibriados
Dithmenos
Elyvilon
Fedhas
Gozag
Hepliaklqana
Kikubaaqudgha
Makhleb
Nemelex Xobeh
Qazlal
Sif Muna
Trog
Uskayaw
Wu Jian
Yredelemnul
Zin
The Shining One

Shops:
D:8 ?   D:10 !

Annotations:
D:3 exclusion: downstairs
D:4 exclusions: downstairs and upstairs
D:5 exclusion: phantom
D:8 exclusion: 2 downstairs
Lair:1 exclusion: 2 downstairs


Message History

You feel a surge of power!
The fire ignites!
The snapping turtle closely misses you.
Casting: Conjure Flame (safe; 1% risk of failure)
Confirm with . or Enter, or press ? or * to list all spells.
Aiming: Mephitic Cloud (safe; 1% risk of failure)
Press: ? - help, Shift-Dir - straight line, f - snapping turtle
Aim: a snapping turtle (flame, lightly wounded)
The ball explodes into a vile cloud!
The stinking cloud engulfs the snapping turtle but does no damage.
The snapping turtle is lightly wounded.
The snapping turtle is engulfed in blazing flames.
The snapping turtle bites you from afar.
The snapping turtle is engulfed in blazing flames.
The snapping turtle bites you from afar!!
The snapping turtle barely misses you.
The snapping turtle is engulfed in blazing flames.
The snapping turtle bites you from afar.
The snapping turtle is engulfed in blazing flames.
The snapping turtle bites you from afar!!
You die...

................####
#..###.#
#................#
##......
##...............###
#####.#####
##≈................#
#.....# #
≈≈≈≈≈..............#
###..## #
≈≈≈≈≈≈............##
###..##
####≈≈≈......☼....##
#.#.##
...##≈≈......°t##..###...#
....#≈≈...###.#§@.#.....##
.>..'....## ######..#..#.#
....#≈≈### #####.### ...
#≈≈# #.# ## #≈≈≈# #.##
≈≈≈≈## #..# ≈≈≈≈##
##..#### ≈##≈# ###....P.##
## #...#.....#


You could see a snapping turtle.

Vanquished Creatures
  A two-headed ogre (D:9)
  A centaur skeleton (D:9)
  2 spiny frogs (Lair:2)
  A rime drake (Lair:2)
  2 komodo dragons
  2 trolls (D:9)
  2 jumping spiders (Lair:2)
  Grinder (D:5)
  Prince Ribbit (D:5)
  3 hippogriffs
  3 redbacks (Lair:2)
  A human (D:8)
  9 yaks (Lair:1)
  4 hogs (D:8)
  4 hungry ghosts
  A soldier ant (D:10)
  4 water moccasins
  8 porcupines
  2 black bears
  4 orc warriors
  2 ice beasts (D:9)
  An eye of draining (D:7)
  2 sky beasts
  5 ogres
  4 phantoms
  3 necrophages
  4 centaurs
  7 crocodiles
  2 big kobolds
  8 bullfrogs
  A wyvern zombie (D:6)
  A scorpion (D:5)
  An electric eel (Lair:2)
  4 howler monkeys
  2 bullfrog zombies
  3 crimson imps
  3 jellies
  2 centaur zombies
  5 orc priests
  3 hounds
  9 orc wizards
  5 bullfrog skeletons
  2 iguanas
  Ijyb (D:5)
  13 worker ants
  2 hound skeletons
  3 worker ant zombies
  A gnoll (D:7)
  A howler monkey skeleton (D:5)
  15 adders
  9 river rats (Sewer)
  2 shadow imps
  3 oozes
  A worm (D:2)
  10 leopard geckos
  32 orcs
  12 bats
  10 giant cockroaches
  12 goblins
  5 hobgoblins
  8 jackals
  4 quokkas
  6 ball pythons
  3 frilled lizards
  A jackal zombie (D:6)
  24 kobolds
  A leopard gecko skeleton (D:9)
  A quokka zombie (D:3)
  19 rats
334 creatures vanquished.

Vanquished Creatures (others)
  A fungus (Lair:2)
  4 plants
5 creatures vanquished.

Grand Total: 339 creatures vanquished

Notes
Turn   | Place    | Note
-------+----------+-------------------------------------------
     0 | D:1      | H0rd4k the Deep Elf Wizard began the quest for the Orb.
     0 | D:1      | Reached XP level 1. HP: 10/10 MP: 7/7
   145 | D:1      | Reached XP level 2. HP: 15/15 MP: 1/9
   146 | D:1      | Reached skill level 5 in Spellcasting
   806 | D:2      | Reached XP level 3. HP: 19/19 MP: 8/12
   917 | D:2      | Found a white marble altar of Elyvilon.
   919 | D:2      | Found a shadowy altar of Dithmenos.
   919 | D:2      | Found a sparkling altar of Nemelex Xobeh.
  1051 | D:2      | Found a burning altar of Makhleb.
  1414 | D:2      | Reached skill level 6 in Spellcasting
  1541 | D:2      | Reached XP level 4. HP: 18/24 MP: 12/14
  2274 | D:3      | Learned a level 2 spell: Blink
  2278 | D:3      | Learned a level 3 spell: Conjure Flame
  2282 | D:3      | Learned a level 3 spell: Mephitic Cloud
  2595 | D:4      | Noticed an ogre
  2641 | D:4      | Killed an ogre
  2641 | D:4      | Reached XP level 5. HP: 28/28 MP: 3/16
  2758 | D:3      | Reached skill level 7 in Spellcasting
  3086 | D:4      | Reached XP level 6. HP: 31/32 MP: 13/18
  3240 | D:4      | Reached skill level 1 in Poison Magic
  3683 | D:4      | Reached skill level 8 in Spellcasting
  3811 | D:4      | Found an opulent altar of Gozag.
  3833 | D:4      | Reached XP level 7. HP: 36/36 MP: 11/21
  4276 | D:4      | Reached skill level 9 in Spellcasting
  4422 | D:5      | Entered Level 5 of the Dungeon
  4444 | D:5      | Noticed Grinder
  4876 | D:5      | Noticed Prince Ribbit
  4890 | D:5      | Killed Prince Ribbit
  4890 | D:5      | Reached skill level 5 in Conjurations
  4890 | D:5      | Reached skill level 1 in Fire Magic
  4890 | D:5      | Reached XP level 8. HP: 41/41 MP: 5/23
  5001 | D:5      | Noticed Ijyb
  5016 | D:5      | Reached skill level 10 in Spellcasting
  5033 | D:5      | Killed Ijyb
  5206 | D:5      | Found a staircase to the Ecumenical Temple.
  5409 | D:5      | Paralysed by Grinder for 3 turns
  5419 | D:5      | Killed Grinder
  5419 | D:5      | Reached skill level 1 in Air Magic
  5830 | D:6      | Reached skill level 11 in Spellcasting
  6198 | D:6      | Found a glowing drain.
  6215 | Sewer    | Entered a sewer
  6644 | Sewer    | Reached XP level 9. HP: 46/46 MP: 15/26
  7319 | D:6      | You fall into a shaft and drop 1 floor!
  7418 | D:6      | Found a hazy altar of Hepliaklqana.
  7639 | D:6      | Identified the +4 falchion "Ysumuunk" {venom, *Corrode rN+
                  | Dex+6}
  7880 | D:7      | Reached skill level 12 in Spellcasting
  8719 | D:7      | Found a bloodstained altar of Trog.
  9295 | D:8      | Found a staircase to the Lair.
  9296 | D:8      | Noticed a komodo dragon
  9309 | D:8      | Found Estob's Magic Scroll Shop.
  9380 | D:8      | Reached skill level 5 in Stealth
  9658 | D:8      | Reached skill level 13 in Spellcasting
  9684 | D:8      | Reached XP level 10. HP: 51/51 MP: 6/29
 10441 | D:9      | Found a stormy altar of Qazlal.
 10807 | D:9      | Noticed a two-headed ogre
 10839 | D:9      | Killed a two-headed ogre
 10839 | D:9      | Reached skill level 14 in Spellcasting
 10839 | D:9      | Reached skill level 10 in Conjurations
 11357 | D:10     | Entered Level 10 of the Dungeon
 11577 | D:11     | Noticed a brown ugly thing
 12136 | D:10     | Found Ohenus's Distillery.
 12168 | D:9      | Reached XP level 11. HP: 41/55 MP: 11/31
 12270 | D:10     | Found a basalt altar of Yredelemnul.
 12771 | D:10     | Reached skill level 1 in Fighting
 13040 | Temple   | Entered the Ecumenical Temple
 13092 | Temple   | Became a worshipper of Sif Muna the Loreminder
 13218 | Lair:1   | Entered Level 1 of the Lair of Beasts
 13285 | Lair:1   | Reached skill level 15 in Spellcasting
 15693 | Lair:2   | Found a hole to the Spider Nest.
 15718 | Lair:2   | HP: 2/56 [jumping spider (1)]
 15719 | Lair:2   | Reached skill level 1 in Evocations
 16084 | Lair:2   | Reached * piety under Sif Muna
 16252 | Lair:2   | Got a crude ring mail
 16263 | Lair:2   | Identified the +5 ring mail "Forget-Me-Not" {Regen+} (You
                  | found it on level 2 of the Lair of Beasts)
 16507 | Lair:2   | Found a staircase to the Shoals.
 16912 | Lair:2   | Slain by a snapping turtle

Levels and vault maps discovered:
D:1:      minmay_arrival_four_loops, layout_basic,
          chequers_serial_rivers_micro_a, grunt_decor_resistance,
          minmay_misc_feat_five
D:2:      kennysheep_six_static_rooms, layout_basic, lemuel_crystal_altar,
          gammafunk_temple_overflow_forgotten
D:3:      layout_basic
D:4:      layout_cave_pools, nicolae_overflow_crystal_walls, first_ration,
          kennysheep_small_spiral
D:5:      layout_loops_ring, minmay_temple_entry_mist, uniq_grinder,
          uniq_prince_ribbit1, uniq_ijyb
D:6:      layout_cave_pods, old_standard_altar, gup_sewer_entry_pipe
D:7:      layout_loops_ring, trog_eyes_of_draining
D:8:      layout_loops_ring, david_lair_shrubbed, serial_shops,
          nicolae_shop_waterfront, grunt_livestock
D:9:      layout_loops_cross, kennysheep_little_box, st_stairs_14,
          corexii_corridor_pit
D:10:     layout_cave_pools, serial_shops, shop, palyth_stone_intersect,
          yredelemnul_altar_generic
D:11:     minmay_shrinking_squares, layout_cave_pods
Temple:   jpeg_temple_clearing
Lair:1:   layout_cave_pods, minivault_19, beast_lair_carwin_5,
          serial_bayou_shore_a, lemuel_fruit_tree
Lair:2:   layout_cave_pods, minmay_shoals_entry_hut,
          nicolae_spider_entry_tight_spaces

Skill      XL: |  1  2  3  4  5  6  7  8  9 10 11 |
---------------+----------------------------------+-----
Spellcasting   | 5 6 7 8 9 11 13 14 15 | 15.9
Stealth        | 3 4 5 |  5.3
Conjurations   | 2 3 5 6 9 10 11 | 11.9
Poison Magic   | 1 2 3 4 |  4.3
Dodging        | 3 |  3.8
Fire Magic     | 1 3 4 |  4.6
Air Magic      | 1 2 |  2.9
Translocations | 2 3 |  3.8
Fighting       | 1 |  1.6
Evocations     | 2 |  2.0
Long Blades    | |  0.7
Summonings     | |  1.1

Action                   |  1- 3 |  4- 6 |  7- 9 | 10-12 || total
-------------------------+-------+-------+-------+-------++-------
Melee: Falchion          |       |       |     2 |     1 ||     3
 Cast: Magic Dart        |    98 |   153 |   510 |   417 ||  1178
       Blink             |       |     5 |     4 |    32 ||    41
       Mephitic Cloud    |       |     5 |    32 |    39 ||    76
       Conjure Flame     |       |     6 |    29 |    73 ||   108
Evoke: Wand              |       |       |     1 |    10 ||    11
  Use: Potion            |       |       |     8 |     4 ||    12
       Scroll            |       |       |     4 |     1 ||     5
 Stab: Confused          |       |       |     1 |       ||     1
  Eat: Chunk             |     1 |     7 |    18 |    15 ||    41
       Ration            |       |       |       |     2 ||     2
Armor: Robe              |     7 |     8 |     8 |     6 ||    29
Dodge: Dodged            |    18 |    18 |    85 |   129 ||   250
       Rpst.: Falchion   |       |       |    11 |    27 ||    38
